 Dungeon Crawl Stone Soup version 0.27.1 (webtiles) character file.

Game seed: 918696388829718088

19 Malachi the Skirmisher (level 2, 23/28 HPs)
             Began as a Naga Berserker on Aug 24, 2021.
             Was a Follower of Trog.
             Got out of the dungeon alive.
             The game lasted 00:00:38 (741 turns).

Malachi the Skirmisher (Naga Berserker)              Turns: 741, Time: 00:00:38

Health: 23/28      AC:  1    Str: 19    XL:     2   Next: 75%
Magic:  2/2        EV:  9    Int:  7    God:    Trog [*.....]
Gold:   35         SH:  0    Dex: 10    Spells: 1/1 levels left

rFire    . . .     SeeInvis +   a - +0 spear
rCold    . . .     Faith    .   (no shield)
rNeg     . . .     Spirit   .   b - +0 animal skin
rPois    +         Reflect  .   (no helmet)
rElec    .         Harm     .   (no cloak)
rCorr    .         Rampage  .   (no gloves)
Will     .....                  (no barding)
Stlth    +.........             (no amulet)
HPRegen  0.09/turn              (no ring)
MPRegen  0.08/turn              (no ring)

@: very slow
A: AC +0, large, see invisible, deformed body, poison resistance, slowness 2,
spit poison 1, naga tail 1
a: Spit Poison, Renounce Religion, Berserk


You escaped.
You worshipped Trog.
Trog was aware of your devotion.
You visited 1 branch of the dungeon, and saw 1 of its levels.

You collected 35 gold pieces.

Inventory:

Hand Weapons
 a - a +0 spear (weapon)
Armour
 b - a +0 animal skin (worn)
Scrolls
 c - a scroll of teleportation {unknown}
 d - a scroll of vulnerability {unknown}


   Skills:
 + Level 3.3 Fighting
 + Level 3.3 Polearms
 + Level 1.7 Armour
 + Level 1.7 Dodging
 + Level 0.3 Stealth


You had one spell level left.
You didn't know any spells.
Your spell library was empty.

Dungeon Overview and Level Annotations

Branches:
Dungeon (1/15)

Altars:


Innate Abilities, Weirdness & Mutations

Your serpentine skin is tough. (AC +0)
You have supernaturally acute eyesight. (SInv)
Armour fits poorly on your strangely shaped body.
Your system is resistant to poisons. (rPois)
You cover ground very slowly.
You can spit poison.
You have a snake-like lower body.


Message History

Trog accepts your kill. The frilled lizard bites you.
You miss the frilled lizard. The frilled lizard bites you.
You closely miss the frilled lizard. The frilled lizard barely misses you.
The frilled lizard bites you but does no damage.
You puncture the frilled lizard!
You kill the frilled lizard!
Trog accepts your kill. The frilled lizard bites you.
You hit the frilled lizard.
You kill the frilled lizard!
Trog accepts your kill.
No target in view!
No target in view!
A giant cockroach comes into view.
A giant cockroach is nearby!
A giant cockroach is nearby!
A giant cockroach is nearby!
You reach to attack!
You barely miss the giant cockroach. You closely miss the giant cockroach.
The giant cockroach completely misses you.
The giant cockroach bites you but does no damage.
You hit the giant cockroach.
The giant cockroach is moderately wounded.
The giant cockroach misses you.
You hit the giant cockroach but do no damage.
The giant cockroach is moderately wounded.
The giant cockroach closely misses you.
You closely miss the giant cockroach.
The giant cockroach is moderately wounded.
The giant cockroach bites you but does no damage.
You hit the giant cockroach.
You kill the giant cockroach!
Trog accepts your kill.
No target in view!
No target in view!
There is an open door here.
There is a staircase leading out of the dungeon here.
Are you sure you want to leave the Dungeon?
This will make you lose the game!
You have escaped!

###.............
#.......###..###
#.#####.###.#### #.#
#.#....... ##+###'##
..#....... #≈(≈≈≈.≈#
###....... #≈≈.≈.≈≈#
......####
#.#≈§...≈≈#.#.......
#...≈.@.≈.).#.......
###≈≈...§≈#.#.......
#§≈.≈.≈≈#.#......
#≈.≈≈≈.≈# # ####
##+###+## .... #.#.
#.. #$#? # #.


There were no monsters in sight!

Vanquished Creatures
  A bat (D:1)
  2 endoplasms (D:1)
  2 giant cockroaches (D:1)
  2 hobgoblins (D:1)
  A kobold (D:1)
  A quokka (D:1)
  3 ball pythons (D:1)
  3 frilled lizards (D:1)
  A goblin (D:1)
  3 rats (D:1)
19 creatures vanquished.

Notes
Turn   | Place    | Note
-------+----------+-------------------------------------------
     0 | D:1      | Malachi the Naga Berserker began the quest for the Orb.
     0 | D:1      | Reached XP level 1. HP: 21/21 MP: 1/1
    28 | D:1      | Found a faded altar of an unknown god.
   418 | D:1      | Reached XP level 2. HP: 20/28 MP: 2/2
   741 | D:$      | Got out of the dungeon alive.

Illustrated notes

Levels and vault maps discovered:
D:1:      ncdulo_lavacross, layout_basic, hellmonk_ecumenical_altar_lost_god,
          minmay_small_reverse_x

Action                   || total
-------------------------++-------
Melee: Spear             ||    56
Invok: Berserk           ||     1
 Abil: Spit Poison       ||     1
 Stab: Sleeping          ||     1
Armor: Animal skin       ||     8
Dodge: Dodged            ||    22
